 Dungeon Crawl Stone Soup version 0.22-a0-877-g5c4e1afb51 (webtiles) character file.

5481 LLavrengius the Slicer (level 10, -6/71 HPs)
             Began as an Octopode Transmuter on July 29, 2018.
             Was a Believer of Wu Jian.
             Collided with a rock wall (14 damage)
             ... caused by a deep elf mage
             ... on level 9 of the Dungeon.
             The game lasted 01:14:10 (11095 turns).

LLavrengius the Slicer (Octopode Transmuter)       Turns: 11095, Time: 01:14:11

Health: -6/71      AC:  2    Str: 11    XL:     10   Next: 69%
Magic:  11/13      EV: 13    Int: 17    God:    Wu Jian [**....]
Gold:   220        SH:  5    Dex: 13    Spells: 2/14 levels left

rFire    + . .     SeeInvis +   C - +2 short sword (speed)
rCold    . . .     Gourm    .   f - +0 buckler
rNeg     . . .     Faith    .   (helmet restricted)
rPois    .         Spirit   .   b - amulet of the acrobat
rElec    .         Reflect  .   A - ring of protection from fire
rCorr    .         Harm     .   L - ring of see invisible
MR       .....                  J - +1 ring of protection
Stlth    ++........             (no ring)
HPRegen  0.21/turn              (no ring)
MPRegen  0.13/turn              (no ring)
                                (no ring)
                                (no ring)

@: appendage
A: almost no armour, stealthy swim, amphibious, 8 rings, constrict 8, tentacle
spike 3, camouflage 1, gelatinous body 1
a: End Transformation, Wall Jump, Renounce Religion


You were on level 9 of the Dungeon.
You worshipped Wu Jian.
Wu Jian was pleased with you.
You were hungry.
One of your tentacles had a temporary spike.
You visited 2 branches of the dungeon, and saw 10 of its levels.

You collected 476 gold pieces.
You spent 256 gold pieces at shops.

Inventory:

Hand Weapons
 w - a +0 hunting sling
 C - a +2 short sword of speed (weapon)
Missiles
 a - 158 arrows
 i - 19 poisoned needles
 k - 272 stones
 m - 71 sling bullets
 o - 7 poisoned tomahawks (quivered)
 r - 31 bolts
 D - 6 tomahawks
 I - 4 curare-tipped needles
Armour
 f - a +0 buckler (worn)
Jewellery
 b - an amulet of the acrobat (around mantle)
 j - an uncursed amulet of magic regeneration
 A - a ring of protection from fire (left tentacle)
 J - a +1 ring of protection (on tentacle)
 L - a ring of see invisible (right tentacle)
 N - an uncursed amulet of the gourmand
Wands
 l - a wand of paralysis (17)
 t - a wand of flame (109)
 F - a wand of acid (6)
 G - a wand of enslavement (26)
Scrolls
 d - 5 scrolls of teleportation
 e - 2 scrolls of identify
 g - a scroll of immolation
 p - 2 scrolls of amnesia
 q - 5 scrolls of fog
 u - 2 scrolls of remove curse
 y - a scroll of enchant armour
 B - a scroll of magic mapping
Potions
 h - 2 potions of agility
 n - 3 potions of might
 s - a potion of haste
 v - 7 potions of curing
 x - a potion of resistance
 z - a potion of mutation
 E - a potion of berserk rage {unknown}
 H - 3 potions of brilliance
 K - 2 potions of flight
Comestibles
 c - 13 rations


   Skills:
 + Level 7.1 Fighting
 * Level 9.0 Short Blades
 - Level 2.0 Dodging
 - Level 4.0 Shields
 - Level 4.3 Unarmed Combat
 + Level 2.6 Spellcasting
 + Level 2.5 Conjurations
 - Level 2.0 Hexes
 - Level 2.1 Summonings
 - Level 2.2 Translocations
 + Level 7.4 Transmutations
 + Level 1.2 Fire Magic


You had 2 spell levels left.
You knew the following spells:

 Your Spells              Type           Power        Failure   Level  Hunger
a - Beastly Appendage     Tmut           ####..       1%          1    #......
b - Sticks to Snakes      Tmut           ####....     1%          2    ##.....
c - Confusing Touch       Hex            #.....       8%          1    #......
d - Call Imp              Summ           #.......     12%         2    ##.....
e - Magic Dart            Conj           ##..         6%          1    #......
f - Blink                 Tloc           N/A          11%         2    ##.....
g - Conjure Flame         Conj/Fire      #.......     26%         3    ###....

Your spell library contained the following spells:

 Spells                   Type           Power        Failure   Level  Hunger
 Slow                     Hex            #.......     12%         2    ##.....
 Confuse                  Hex            #.......     24%         3    ###....
 Mephitic Cloud           Conj/Pois/Air  #.......     36%         3    ###....
 Summon Small Mammal      Summ           #...         8%          1    #......
 Spider Form              Tmut/Pois      ##........   12%         3    ###....
 Blade Hands              Tmut           ####......   24%         5    ######.
 Ice Form                 Ice/Tmut       ##......     36%         4    #####..
 Shadow Creatures         Summ           N/A          100%        6    #######
 Metabolic Englaciation   Hex/Ice        #.........   98%         5    ######.
 Summon Butterflies       Summ           #.......     8%          1    #......
 Petrify                  Tmut/Erth      ##......     36%         4    #####..
 Summon Forest            Summ/Tloc      #.........   90%         5    ######.
 Summon Mana Viper        Hex/Summ       #.......     91%         5    ######.
 Gell's Gravitas          Tloc           #.........   22%         3    ###....
 Yara's Violent Unravell  Hex/Tmut       ###.......   58%         5    ######.


Dungeon Overview and Level Annotations

Branches:
Dungeon (9/15)             Temple (1/1) D:4
   Lair: D:8-11         Orc: D:9-12

Altars:
Ashenzari
Cheibriados
Dithmenos
Elyvilon
Fedhas
Gozag
Hepliaklqana
Kikubaaqudgha
Makhleb
Nemelex Xobeh
Okawaru
Qazlal
Ru
Sif Muna
Trog
Uskayaw
Vehumet
Wu Jian
Xom
Yredelemnul
Zin
The Shining One

Shops:
D:4 [:   D:7 =


Innate Abilities, Weirdness & Mutations

You cannot wear most types of armour.
You are very stealthy in the water. (Stealth+)
You are amphibious.
You can wear up to eight rings at the same time.
You can use your tentacles to constrict eight enemies at once.
Your skin changes colour to match your surroundings (Stealth+).
Your rubbery body absorbs attacks. (AC +1, EV +1)
One of your tentacles bears a large vicious spike.


Message History

The deep elf mage hits you but does no damage.
Casting: Beastly Appendage (safe; 1% risk of failure)
Confirm with . or Enter, or press ? or * to list all spells.
You create a snake!
You now have 158 arrows.
You are feeling hungry.
You constrict the deep elf mage, but do no damage.
The deep elf mage hits you with an enchanted short sword.
You hit the deep elf mage but do no damage.
The deep elf mage is moderately wounded.
You constrict the deep elf mage, but do no damage.
You hit the deep elf mage.
You squeeze the deep elf mage, but do no damage.
The deep elf mage is heavily wounded.
You constrict the deep elf mage, but do no damage.
The deep elf mage gestures at you while chanting.
The lance of force hits you!
* * * LOW HITPOINT WARNING * * *
You are knocked back by the lance of force.
You slam into the rock wall!
You die...

###.####....)# #..........#
.##.#........# ########...#
.##.#.##..>..# #######...#
.....#.#.....#####.##.##)..#
###.#.#########:##'##'##)..#
###.### #:#......#...# ....#
#'#†§..§.#...# .####
#)e......[[..# ..#
#####.@.....[))..# #.#####
#..##'#.§..§.#...#
#.....#####.###[#.S....#)..#
###.#.......# #[##'##'##...#
#.....####### ####.##.##...#
#.##### #######...# ..#
#...# .## #...# .# #####


You could see a deep elf mage and a friendly ball python.

Vanquished Creatures
  Pikel (D:5)
  A deep elf mage (D:9)
  A hippogriff (D:8)
  2 hungry ghosts
  An ice beast (D:8)
  A swamp drake (D:9)
  An orc warrior (D:9)
  2 centaurs
  3 ogres
  2 necrophages
  5 bullfrogs (D:6)
  2 scorpions
  3 killer bees (D:8)
  2 wights (D:9)
  2 centaur zombies
  A bullfrog zombie (D:6)
  6 crimson imps
  A quasit (D:8)
  4 orc priests
  3 hounds
  A jelly (D:9)
  A centaur skeleton (D:6)
  An iron imp (D:9)
  Jessica (D:3)
  Ijyb (D:3)
  2 iguanas (D:5)
  5 orc wizards
  Natasha (twice) (D:3)
  4 worker ants
  Robin (D:3)
  4 gnolls (D:4)
  10 adders
  A howler monkey skeleton (D:4)
  2 shadow imps
  A white imp (D:9)
  2 oozes
  An adder skeleton (D:8)
  3 worms
  2 dart slugs
  6 leopard geckos
  20 orcs
  4 giant cockroaches
  12 goblins
  16 hobgoblins
  9 kobolds
  5 quokkas
  A ball python (D:8)
  5 bats
  4 frilled lizards
  A jackal skeleton (D:4)
  4 rats
176 creatures vanquished.

Vanquished Creatures (collateral kills)
  2 two-headed ogres
  2 ice beasts (D:6)
  A killer bee (D:8)
  A wight (D:9)
  A jelly (D:5)
  2 hounds
  An orc wizard (D:9)
  Natasha (D:3)
  A worker ant (D:3)
  3 orcs
  2 goblins (D:3)
17 creatures vanquished.

Vanquished Creatures (others)
  A slave (D:5)
  A scorpion (D:5)
  2 crimson imps (D:5)
  A bullfrog zombie (D:5)
  An orc wizard (D:9)
  An adder (D:5)
  2 orcs (D:5)
  A giant cockroach (D:5)
10 creatures vanquished.

Grand Total: 203 creatures vanquished

Notes
Turn   | Place    | Note
-------+----------+-------------------------------------------
     0 | D:1      | LLavrengius the Octopode Transmuter began the quest for the Orb.
     0 | D:1      | Reached XP level 1. HP: 13/13 MP: 3/3
   335 | D:1      | Reached XP level 2. HP: 18/18 MP: 5/5
  1229 | D:2      | Learned a level 2 spell: Sticks to Snakes
  1273 | D:2      | Reached skill level 1 in Shields
  1273 | D:2      | Reached XP level 3. HP: 16/23 MP: 1/6
  1909 | D:3      | Found a shattered altar of Ashenzari.
  1978 | D:3      | Noticed Robin
  2084 | D:3      | Killed Robin
  2084 | D:3      | Reached XP level 4. HP: 23/29 MP: 0/7
  2702 | D:3      | Noticed Jessica
  2710 | D:3      | Killed Jessica
  2710 | D:3      | Reached XP level 5. HP: 32/34 MP: 8/8
  2841 | D:3      | Noticed Natasha
  2849 | D:3      | Killed Natasha
  3220 | D:3      | Noticed Natasha
  3228 | D:3      | Killed Natasha
  3341 | D:3      | Noticed Ijyb
  3396 | D:3      | Killed Ijyb
  3396 | D:3      | Reached XP level 6. HP: 33/41 MP: 4/9
  3511 | D:3      | Noticed Natasha
  3521 | D:3      | Killed Natasha
  4034 | D:4      | Found a staircase to the Ecumenical Temple.
  4042 | Temple   | Entered the Ecumenical Temple
  4175 | Temple   | Became a worshipper of Elyvilon the Healer
  4312 | D:4      | Reached XP level 7. HP: 36/46 MP: 10/10
  4517 | D:4      | Found Sekifuk's Antique Armour Emporium.
  4703 | D:4      | Reached skill level 1 in Short Blades
  4850 | D:4      | Reached * piety under Elyvilon
  4989 | D:4      | Found Wegez's Book Boutique.
  5035 | D:4      | Found an ornate altar of the Wu Jian Council.
  5043 | D:4      | Fell from the grace of Elyvilon
  5043 | D:4      | Became a worshipper of the Wu Jian Council
  5071 | D:5      | Entered Level 5 of the Dungeon
  5086 | D:5      | Reached skill level 2 in Short Blades
  5272 | D:5      | Noticed Pikel
  5291 | D:5      | Killed Pikel
  5291 | D:5      | Reached skill level 4 in Short Blades
  5291 | D:5      | Reached XP level 8. HP: 28/54 MP: 8/11
  5638 | D:5      | Reached skill level 5 in Transmutations
  6486 | D:6      | Noticed a two-headed ogre
  6521 | D:6      | Reached skill level 5 in Short Blades
  6562 | D:6      | Killed a two-headed ogre
  6562 | D:6      | Reached skill level 5 in Fighting
  6562 | D:6      | Reached skill level 6 in Short Blades
  6562 | D:6      | Reached XP level 9. HP: 29/61 MP: 0/12
  7059 | D:6      | Learned a level 1 spell: Confusing Touch
  7178 | D:6      | Reached skill level 1 in Hexes
  7217 | D:6      | Reached skill level 7 in Short Blades
  7336 | D:6      | Reached * piety under Wu Jian
  7379 | D:6      | Found a burning altar of Makhleb.
  7470 | D:6      | Found a shadowy altar of Dithmenos.
  7775 | D:7      | Found Axijisch's Jewellery Boutique.
  7779 | D:7      | Bought a +1 ring of protection for 36 gold pieces
  8322 | D:4      | Bought a book of Minor Magic for 220 gold pieces
  8325 | D:4      | Learned a level 2 spell: Call Imp
  8327 | D:4      | Learned a level 1 spell: Magic Dart
  8330 | D:4      | Learned a level 2 spell: Blink
  8454 | D:8      | Found a blossoming altar of Fedhas.
  8902 | D:8      | Reached skill level 1 in Conjurations
  8902 | D:8      | Reached skill level 1 in Summonings
  8902 | D:8      | Reached skill level 1 in Translocations
  9174 | D:8      | Reached XP level 10. HP: 60/69 MP: 13/13
  9295 | D:2      | Found a stormy altar of Qazlal.
  9385 | D:2      | Found a glowing silver altar of Zin.
  9774 | D:8      | Reached skill level 8 in Short Blades
  9893 | D:9      | Noticed a two-headed ogre
  9912 | D:9      | Killed a two-headed ogre
 10056 | D:9      | Identified the Handbook of Creation
 10248 | D:9      | Reached ** piety under Wu Jian
 10589 | D:9      | Learned a level 3 spell: Conjure Flame
 11080 | D:9      | Noticed a deep elf mage
 11082 | D:9      | Noticed a deep elf mage
 11088 | D:9      | Killed a deep elf mage
 11088 | D:9      | Reached skill level 9 in Short Blades
 11088 | D:9      | Reached skill level 1 in Fire Magic
 11095 | D:9      | Collided with a rock wall

Vault maps used:
D:1:      mrwooster_arrival_statue_3, hangedman_decor_growths
D:2:      lemuel_crystal_altar, first_ration, grunt_qazlal_sundering
D:3:      ashenzari_conservatory_becter, uniq_jessica, uniq_natasha, uniq_robin,
          uniq_ijyb
D:4:      lemuel_coloured_pillars_altar, minmay_temple_entry_overgrown,
          serial_shops, nicolae_shop_overgrown_old_shop, kennysheep_mini
D:5:      st_stairs_1, minmay_liquid_box, uniq_pikel
D:6:      grunt_dithmenos_smoke, makhleb_grotto_becter
D:7:      serial_shops, shop
D:8:      fedhas_altar_3
D:9:      hangedman_little_slice_of_home, hangedman_minor_magic
Temple:   regret_index_temple_waves

Skill      XL: |  1  2  3  4  5  6  7  8  9 10 |
---------------+-------------------------------+-----
Shields        | 1 2 3 4 |  4.0
Fighting       | 2 3 4 5 6 7 |  7.1
Transmutations | 3 4 5 6 7 |  7.4
Unarmed Combat | 4 |  4.3
Short Blades   | 4 6 7 9 |  9.0
Hexes          | 2 |  2.0
Conjurations   | 1 2 |  2.5
Summonings     | 1 2 |  2.1
Translocations | 1 2 |  2.2
Fire Magic     | 1 |  1.2
Dodging        | |  2.0
Spellcasting   | |  2.6

Action                   |  1- 3 |  4- 6 |  7- 9 | 10-12 || total
-------------------------+-------+-------+-------+-------++-------
Melee: Unarmed           |    83 |   137 |       |       ||   220
       Constrict         |    26 |    40 |    42 |    22 ||   130
       Kick              |     3 |    14 |    60 |    43 ||   120
       Tentacles         |    15 |    29 |    53 |    32 ||   129
       Punch             |     2 |     5 |    12 |     9 ||    28
       Short sword       |       |     5 |   277 |   151 ||   433
Throw: Stone             |       |     1 |       |       ||     1
       Tomahawk          |       |       |       |     1 ||     1
 Cast: Beastly Appendage |     2 |     9 |    29 |    16 ||    56
       Sticks to Snakes  |     3 |    12 |    27 |     7 ||    49
       Call Imp          |       |       |     4 |     5 ||     9
       Confusing Touch   |       |       |     1 |     1 ||     2
       Magic Dart        |       |       |       |     1 ||     1
Invok: Lunge             |       |       |    22 |    11 ||    33
       Whirlwind         |       |       |    18 |    14 ||    32
Evoke: Wand              |       |       |       |     2 ||     2
  Use: Scroll            |       |       |    15 |     4 ||    19
       Potion            |       |       |     3 |     1 ||     4
 Stab: Sleeping          |     6 |     5 |     2 |     6 ||    19
  Eat: Chunk             |     4 |     7 |    13 |     7 ||    31
       Ration            |       |       |     2 |       ||     2
Armor: Skin              |     7 |     5 |     4 |     3 ||    19
Dodge: Dodged            |    49 |    72 |    68 |    24 ||   213
Block: Buckler           |    11 |    19 |    35 |    12 ||    77

Table legend:
 A = Spawn XP
 B = Non-spawn XP
 C = Spawn XP percentage of total XP
 D = Spawn monster count
 E = Non-spawn monster count
 F = Spawn count percentage of total count
 G = Total turns spent on level
                    A         B        C        D         E        F      G
               +---------+---------+-------+---------+---------+-------+---------
         Total |       0 |    7831 |   0.0 |       0 |     193 |   0.0 | 11095
               +---------+---------+-------+---------+---------+-------+---------
           D:1 |       0 |      29 |   0.0 |       0 |      16 |   0.0 |  1223
           D:2 |       0 |     185 |   0.0 |       0 |      19 |   0.0 |   919
           D:3 |       0 |     299 |   0.0 |       0 |      42 |   0.0 |  1787
           D:4 |       0 |     348 |   0.0 |       0 |      26 |   0.0 |  1396
           D:5 |       0 |    1070 |   0.0 |       0 |      11 |   0.0 |  1493
           D:6 |       0 |    1650 |   0.0 |       0 |      24 |   0.0 |  1081
           D:7 |       0 |      78 |   0.0 |       0 |       2 |   0.0 |   805
           D:8 |       0 |    1217 |   0.0 |       0 |      22 |   0.0 |  1008
           D:9 |       0 |    2955 |   0.0 |       0 |      31 |   0.0 |  1212
               +---------+---------+-------+---------+---------+-------+---------
